 Dungeon Crawl Stone Soup version 0.31-a0-636-ge1c0e020e0 (webtiles) character file.

Game seed: 12744390950822138794

1366 Gelion the Changeling (level 8, -3/55 HPs)
             Began as an Octopode Shapeshifter on Aug 26, 2023.
             Was an Initiate of Gozag.
             Slain by a gnoll
             ... wielding a +0 halberd
             ... led by a gnoll bouda
              (13 damage)
             ... on level 5 of the Dungeon.
             The game lasted 00:09:07 (3163 turns).

Gelion the Changeling (Octopode Shapeshifter)       Turns: 3163, Time: 00:09:08

Health: -3/55      AC:  1    Str: 13    XL:     8   Next: 65%
Magic:  8/8        EV: 13    Int: 12    God:    Gozag
Gold:   212        SH:  0    Dex: 14    Spells: 7/7 levels left

rFire   + .          .
                       - Unarmed
rCold   . . .        (shield currently unavailable)
rNeg    . . .        (helmet restricted)
rPois   +            g - amulet of regeneration
rElec   .            h - ring of poison resistance
rCorr   .            j - ring of protection from fire
SInv    .            (no ring)
Will    .....        (no ring)
Stlth   +            (no ring)
HPRegen 1.09/turn    (no ring)
MPRegen 0.11/turn    (no ring)
                     (no ring)

%: no passive effects
@: flux-form, gold aura, glowing
A: glow, contaminating, almost no armour, amphibious, 8 rings, camouflage 1,
gelatinous body 1, (nimble swimmer 1), tentacles
a: Begin Untransformation, Renounce Religion, Potion Petition, Call Merchant,
Bribe Branch


You were on level 5 of the Dungeon.
You worshipped Gozag.
Gozag was aware of your devotion.
You were something dangerously unstable.
You visited 2 branches of the dungeon, and saw 6 of its levels.

You collected 1377 gold pieces.
You spent 540 gold pieces at shops.
You paid 625 gold pieces to Gozag.

Inventory:

Armour
 s - a +0 kite shield of reflection
Jewellery
 g - an amulet of regeneration (around mantle)
 h - a ring of poison resistance (left tentacle)
 j - a ring of protection from fire (right tentacle)
Talismans
 b - a beast talisman
 c - a flux talisman (active)
 p - a dragon-blood talisman
Wands
 l - a wand of mindburst (12)
Scrolls
 f - 2 scrolls of teleportation
 i - 2 scrolls of blinking {unknown}
 m - a scroll of vulnerability
 n - a scroll of torment {unknown}
 r - a scroll of identify
Potions
 a - a potion of lignification
 d - 3 potions of heal wounds
 e - a potion of berserk rage
 k - a potion of brilliance
 o - a potion of magic {unknown}
 q - a potion of might {unknown}
 t - a potion of cancellation {unknown}


   Skills:
 + Level 5.1 Fighting
 - Level 2.0 Dodging
 + Level 5.9 Unarmed Combat
 * Level 7.3 Shapeshifting


You had 7 spell levels left.
You didn't know any spells.
Your spell library contained the following spells:

 Spells                   Type           Power      Damage    Failure   Level
 Vhi's Electric Charge    Tloc/Air       0%         N/A       69%         3
 Summon Lightning Spire   Summ/Air       0%         N/A       97%         4
 Arcjolt                  Conj/Air       0%         1d10      100%        5
 Silence                  Hex/Air        0%         N/A       100%        5
 Plasma Beam              Fire/Air       0%         2x1d10    100%        6
 Fire Storm               Conj/Fire      0%         5d1       100%        9


Dungeon Overview and Level Annotations

Branches:
Dungeon (5/15)             Temple (1/1) D:4

Altars:
Ashenzari
Cheibriados
Dithmenos
Elyvilon
Fedhas
Gozag
Makhleb
Okawaru
Ru
Trog
Uskayaw
Xom
Yredelemnul
Zin
The Shining One

Shops:
D:4 =


Innate Abilities, Weirdness & Mutations

You are something dangerously unstable.
You glow with magical radiation, making you easy to see and hit.
Foes you strike become dangerously contaminated with magical radiation.
You are incapable of wielding weapons or throwing items.
You cannot wear most types of armour.
You are amphibious.
You can wear up to eight rings at the same time.
Your skin changes colour to match your surroundings (Stealth+).
Your rubbery body absorbs attacks. (AC +1, EV +1)
((You are camouflaged when in or above water. (Stealth+)))
You have tentacles for arms and can constrict up to eight enemies at once.


Message History

The adder misses you.
You feel sick.
You are no longer poisoned.
The gnoll attacks as it pursues you! The gnoll barely misses you.
The gnoll closely misses you.
You see here a +0 giant spiked club.
You tentacle-slap the gnoll.
The gnoll begins to glow.
You grab the gnoll. You squeeze the gnoll.
The gnoll is heavily wounded.
You constrict the gnoll. The gnoll closely misses you. The gnoll misses you.
You tentacle-slap the gnoll.
The gnoll glows dangerously bright.
You squeeze the gnoll, but do no damage.
The gnoll is severely wounded.
You constrict the gnoll. The gnoll closely misses you.
You tentacle-slap the gnoll.
You kill the gnoll!
The gnoll hits you from afar with a +0 halberd!
You tentacle-slap the adder.
The adder begins to glow.
You grab the adder. You squeeze the adder.
The adder is heavily wounded.
You constrict the adder.
The gnoll is no longer moving quickly.
The adder bites you. The gnoll closely misses you.
Unknown command.
You tentacle-slap the adder.
The adder glows dangerously bright.
The adder is almost dead.
You constrict the adder.
You kill the adder!
The gnoll is no longer moving quickly.
The gnoll hits you from afar with a +0 halberd!
* * * LOW HITPOINT WARNING * * *
You feel much better.
The gnoll is no longer moving quickly.
The gnoll hits you with a +0 whip!
The gnoll hits you from afar with a +0 halberd!
* * * LOW HITPOINT WARNING * * *
Your attacks no longer feel as feeble.
The gnoll is distracted by your dazzling golden aura.
The gnoll attacks as it pursues you!
The gnoll hits you from afar with a +0 halberd!
You die...
Your body crumbles into a pile of gold.

######## ###### #......# #....#
#......# #....## ####......#
#.....# #.........# ## ###...#
#......##############...
####...###......####g............
..).............Bggg5.........>..
####...###.......##..............
##### #.......#..##........... ##
###.....#.###........... .#
#######.# #..........# .#
###....# #.......#.## .# #...####
#.......#.# .# ##.### #.......# #
.# ####..# #.......#


You could see a gnoll bouda, 3 gnolls and a shadow imp.

Vanquished Creatures
  Sigmund (D:4)
  A water moccasin (D:5)
  An ice beast (D:5)
  2 ogres
  A phantom (D:5)
  A scorpion (D:4)
  5 wights (D:5)
  A hound (D:4)
  A jelly (D:2)
  An orc priest (D:3)
  Jessica (D:2)
  Ijyb (D:4)
  A sleepcap (D:3)
  Natasha (twice) (D:2)
  An orc wizard (D:3)
  Robin (D:2)
  6 gnolls
  2 adders
  A shadow imp (D:4)
  2 ufetubi (D:4)
  4 worms
  2 dart slugs
  11 orcs
  7 ball pythons
  2 bats (D:3)
  7 endoplasms
  5 giant cockroaches
  9 hobgoblins
  7 quokkas
  2 frilled lizards (D:3)
  14 goblins
  5 kobolds
  4 rats
  A butterfly (D:4)
113 creatures vanquished.

Notes
Turn   | Place    | Note
-------+----------+-------------------------------------------
     0 | D:1      | Gelion the Octopode Shapeshifter began the quest for the
                  | Orb.
     0 | D:1      | Reached XP level 1. HP: 13/13 MP: 1/1
   181 | D:1      | Reached XP level 2. HP: 18/18 MP: 2/2
   353 | D:1      | Reached XP level 3. HP: 17/23 MP: 3/3
   801 | D:2      | Noticed Natasha
   808 | D:2      | Killed Natasha
   809 | D:2      | Reached XP level 4. HP: 19/29 MP: 4/4
   850 | D:2      | Reached skill level 4 in Shapeshifting
   884 | D:2      | Noticed Jessica
   892 | D:2      | Killed Jessica
   934 | D:2      | Noticed Natasha
   944 | D:2      | Killed Natasha
   945 | D:2      | Reached XP level 5. HP: 13/35 MP: 5/5
  1067 | D:2      | Noticed Robin
  1091 | D:2      | Killed Robin
  1349 | D:3      | Got the Folio of Turbulent Wildfire
  1351 | D:3      | Found a shadowy altar of Dithmenos.
  1488 | D:3      | Reached XP level 6. HP: 41/41 MP: 6/6
  1524 | D:3      | Reached skill level 5 in Shapeshifting
  1892 | D:4      | Found a staircase to the Ecumenical Temple.
  1902 | Temple   | Entered the Ecumenical Temple
  1949 | Temple   | Became a worshipper of Gozag Ym Sagoz the Greedy
  2033 | D:4      | Noticed Sigmund
  2041 | D:4      | Killed Sigmund
  2042 | D:4      | Reached XP level 7. HP: 27/47 MP: 7/7
  2367 | D:4      | Noticed Ijyb
  2379 | D:4      | Reached skill level 5 in Unarmed Combat
  2379 | D:4      | Reached skill level 6 in Shapeshifting
  2384 | D:4      | Killed Ijyb
  2444 | D:4      | Found an iron altar of Okawaru.
  2479 | D:4      | Found a shimmering altar of Xom.
  2699 | D:4      | Identified a scroll of acquirement
  2699 | D:4      | Acquired 950 gold pieces
  2705 | D:4      | Bought a ring of poison resistance for 240 gold pieces
  2705 | D:4      | Bought a ring of protection from fire for 300 gold pieces
  2725 | D:5      | Entered Level 5 of the Dungeon
  2850 | D:5      | Reached XP level 8. HP: 25/54 MP: 8/8
  2989 | D:5      | Reached skill level 7 in Shapeshifting
  3077 | D:5      | Reached skill level 5 in Fighting
  3163 | D:5      | Slain by a gnoll

Illustrated notes

Levels and vault maps discovered:
D:1:      dpeg_arrival_pits, layout_basic
D:2:      layout_loops_cross, uniq_robin, uniq_natasha, uniq_jessica
D:3:      layout_rooms, grunt_dithmenos_smoke
D:4:      layout_basic, nicolae_overflow_hidden_temple,
          okawaru_ov_weapons_minmay, minmay_temple_entry_butterflies, uniq_ijyb,
          uniq_sigmund
D:5:      minmay_recursive_quarters, layout_basic
Temple:   hc_temple_tempest_star

Skill      XL: |  1  2  3  4  5  6  7  8 |
---------------+-------------------------+-----
Fighting       | 2 3 4 5 |  5.1
Shapeshifting  | 4 5 6 7 |  7.3
Unarmed Combat | 4 5 |  5.9
Dodging        | |  2.0

Action                     |  1- 3 |  4- 6 |  7- 9 || total
---------------------------+-------+-------+-------++-------
  Melee: Unarmed           |    56 |   101 |   117 ||   274
         Constrict         |    13 |    23 |    31 ||    67
         Tentacles         |     8 |    25 |    31 ||    64
         Punch             |     3 |     2 |       ||     5
 Invoke: Call Merchant     |       |       |     1 ||     1
    Use: Scroll            |     1 |     4 |     2 ||     7
         Potion            |       |       |     1 ||     1
   Stab: Sleeping          |     4 |     1 |       ||     5
 Armour: Skin              |     4 |     4 |     4 ||    12
  Dodge: Dodged            |    26 |    57 |    93 ||   176
   Form: Flux              |       |     1 |       ||     1

Table legend: (Time is in decaauts)
 A = Elapsed time spent in this place.
 B = Non-inter-level travel time spent in this place.
 C = Inter-level travel time spent in this place.
 D = Time resting spent in this place.
 E = Time spent auto-exploring this place.
 F = Levels seen in this place.
 G = Mean time per level.
                   A        B        C        D        E       F      G
               +--------+--------+--------+--------+--------+-----+--------+
         Total |   3139 |   3009 |    130 |     95 |   2197 |   6 |  523.2 |
       Dungeon |   3071 |   3006 |     65 |     95 |   2197 |   5 |  614.2 |
        Temple |     67 |      2 |     65 |      0 |      0 |   1 |   67.0 |
               +--------+--------+--------+--------+--------+-----+--------+

Top non-repeatable levels by time:
     D:4: 781 daAuts
     D:2: 668 daAuts
     D:1: 647 daAuts
     D:3: 541 daAuts
     D:5: 432 daAuts
  Temple: 67 daAuts
